 Dungeon Crawl Stone Soup version 0.29.1-4-g47bece8355 (webtiles) character file.

Game seed: 7575548545895341597

56 styxcanada the Sneak (level 3, -8/18 HPs)
             Began as a Spriggan Brigand on Dec 9, 2022.
             Killed by nerve-wracking pain
             ... invoked by Jessica
              (10 damage)
             ... on level 2 of the Dungeon.
             The game lasted 00:04:24 (1140 turns).

styxcanada the Sneak (Spriggan Brigand)             Turns: 1140, Time: 00:04:25

Health: -8/18      AC:  4    Str:  7    XL:     3   Next: 69%
Magic:  4/4        EV: 17    Int: 12    God:
Gold:   91         SH:  5    Dex: 18    Spells: 2/2 levels left

rFire   . . .      SeeInvis +   a - +3 dagger
rCold   . . .      Faith    .   (no shield)
rNeg    . . .      Spirit   .   b - +0 robe
rPois   .          Reflect  +   (helmet restricted)
rElec   .          Harm     .   c - +1 cloak
rCorr   .          Rampage  .   (gloves unavailable)
Will    .....                   (boots unavailable)
Stlth   ++++......              r - amulet of reflection
HPRegen 0.06/turn               (no ring)
MPRegen 0.09/turn               (no ring)

@: very quick
A: very small, no large weapons, unfitting armour, see invisible, speed 3
a: no special abilities


You were on level 2 of the Dungeon.
You visited 1 branch of the dungeon, and saw 2 of its levels.

You collected 91 gold pieces.

Inventory:

Hand Weapons
 a - a +3 dagger (weapon)
 f - a +0 sling
Missiles
 d - a poisoned dart (quivered)
 e - 3 curare-tipped darts
 q - 7 stones
Armour
 b - a +0 robe (worn)
 c - a +1 cloak (worn)
Jewellery
 r - an amulet of reflection (around neck)
Scrolls
 h - a scroll of amnesia
 j - 2 scrolls of enchant weapon
 k - a scroll of acquirement {unknown}
Potions
 g - a potion of heal wounds {unknown}
 i - a potion of curing {unknown}
 o - a potion of attraction {unknown}
 s - a potion of ambrosia {unknown}


   Skills:
 * Level 1.5 Fighting
 + Level 2.2 Short Blades
 + Level 2.0 Throwing
 * Level 2.2 Dodging
 * Level 7.8 Stealth


You had 2 spell levels left.
You didn't know any spells.
Your spell library was empty.

Dungeon Overview and Level Annotations

Branches:
Dungeon (2/15)

Altars:

Annotations:
D:2 Jessica, Natasha


Innate Abilities, Weirdness & Mutations

You are very small and have problems with some larger weapons.
You are too small for most types of armour.
You have supernaturally acute eyesight. (SInv)
You cover ground extremely quickly. (Speed+++)


Message History

Throw: 5 darts (poison)
Press: ? - help, Q - select action, (/) - cycle Shift-Dir - straight line, f/p - Jessica
Aim: Jessica, wielding a +0 dagger and wearing a +0 robe (62% to hit)
You throw a poisoned dart.
The poisoned dart barely misses Jessica.
The rat barely misses you.
Jessica gestures wildly while chanting.
Jessica seems to speed up.
You puncture the rat!
You kill the rat!
Throw: 4 darts (poison)
Press: ? - help, Q - select action, (/) - cycle Shift-Dir - straight line, f/p - Jessica
Aim: Jessica, wielding a +0 dagger and wearing a +0 robe (fast, 62% to hit)
You throw a poisoned dart.
The poisoned dart barely misses Jessica.
Throw: 3 darts (poison)
Press: ? - help, Q - select action, (/) - cycle Shift-Dir - straight line, f/p - Jessica
Aim: Jessica, wielding a +0 dagger and wearing a +0 robe (fast, 62% to hit)
You throw a poisoned dart. The poisoned dart hits Jessica.
Jessica is poisoned.
Jessica points at you and mumbles some strange words.
Pain shoots through your body!
* * * LOW HITPOINT WARNING * * *
Jessica gestures wildly while chanting.
Jessica blinks!
Natasha, Servant of Life and Death comes into view.
An endoplasm comes into view.
You start resting.
Jessica is nearby!
Jessica points at you and mumbles some strange words.
Pain shoots through your body!
* * * LOW HITPOINT WARNING * * *
Throw: 2 darts (poison)
Press: ? - help, Q - select action, (/) - cycle Shift-Dir - straight line, f/p - Jessica
Aim: Jessica, wielding a +0 dagger and wearing a +0 robe (severely wounded, fast, 62% to hit)
You throw a poisoned dart. The poisoned dart hits Jessica.
Jessica is poisoned.
Jessica is severely wounded.
Jessica casts a spell at you. Pain shoots through your body!
Ouch! That really hurt!
You die...

#### #.. #.#
#@# #.# # .
#.# J##.. #.#
#....#
#.##.....#
#.@.......
####.######
#.........#
#.#..####.#.#
..


You could see Jessica (fast, poisoned).

Vanquished Creatures
  Natasha (D:2)
  An adder (D:2)
  A dart slug (D:1)
  A bat (D:1)
  An endoplasm (D:1)
  3 hobgoblins (D:1)
  2 quokkas (D:1)
  2 frilled lizards (D:1)
  5 kobolds
  4 rats
21 creatures vanquished.

Notes
Turn   | Place    | Note
-------+----------+-------------------------------------------
     0 | D:1      | styxcanada the Spriggan Brigand began the quest for the
                  | Orb.
     0 | D:1      | Reached XP level 1. HP: 10/10 MP: 2/2
   180 | D:1      | Reached skill level 6 in Stealth
   282 | D:1      | Reached XP level 2. HP: 14/14 MP: 3/3
  1050 | D:2      | Noticed Natasha
  1057 | D:2      | Killed Natasha
  1058 | D:2      | Reached skill level 7 in Stealth
  1058 | D:2      | Reached XP level 3. HP: 18/18 MP: 4/4
  1073 | D:2      | Noticed Jessica
  1101 | D:2      | Noticed Natasha
  1140 | D:2      | Killed from afar by Jessica

Illustrated notes

Levels and vault maps discovered:
D:1:      saegor_arrival_simple_e, layout_loops_corners,
          chequers_serial_rivers_micro_b
D:2:      layout_basic, serial_glass, glass_columns_a, glass_columns_b,
          ebering_ecumenical_altar_ruins, serial_shops, shop, uniq_natasha,
          uniq_crazy_yiuf_cottage, uniq_jessica

Skill      XL: |  1  2 |
---------------+-------+-----
Stealth        | 6 7 |  7.8
Dodging        | 2 |  2.2
Fighting       | |  1.5
Short Blades   | |  2.2
Throwing       | |  2.0

Action                   || total
-------------------------++-------
Melee: Dagger            ||    37
Throw: Dart              ||    13
  Use: Scroll            ||     8
 Stab: Sleeping          ||     8
Armor: Robe              ||     3
Dodge: Dodged            ||    17
Block: Other             ||     3
